Map: King Sejong Station LE

Players

Miszu - Winner!

  • Race: Terran Terran
  • League: Grandmaster

Chess

  • Race: Terran Terran
  • League: Master

VOD

Have the link to the VOD?

Description

Time

  • Played on: May 28, 2016, 6:19 p.m.
  • Length: 8:27
Show
View Real Time Build Order
Export as new Build Order

Miszu Terran - Winner!

Build Orders: 1/1/1, Banshee Rush 

Get SALT Encoding   

  12  0:01  SCV  
  13  0:13  SCV  
  14  0:19  Supply Depot  
  14  0:25  SCV  
  15  0:35  Refinery  
  15  0:41  SCV  
  16  0:48  Barracks  
  16  0:51  Refinery  
  16  0:55  SCV  
  17  1:08  SCV  
  18  1:20  SCV  
  20  1:37  Factory, Reaper  
  20  1:38  Orbital Command  
  20  1:48  Supply Depot  
  20  2:03  SCV  
  21  2:09  Reaper  
  22  2:17  SCV  
  22  2:20  Starport  
  22  2:21  Hellion  
  25  2:27  Supply Depot  
  25  2:29  SCV  
  26  2:41  Reaper  
  26  2:42  SCV  
  28  2:48  Hellion  
  30  2:56  Medivac  
  32  3:09  Hellion  
  34  3:23  Barracks Tech Lab  
  34  3:25  Command Center  
  34  3:35  SCV  
  34  3:36  Factory Tech Lab  
  34  3:39  Supply Depot  
  35  3:55  Cloaking Field, Banshee  
  35  3:56  Barracks Reactor  
  35  4:00  Siege Tank  
  35  4:02  SCV  
  39  4:19  SCV  
  39  4:23  Barracks  
  40  4:25  Barracks  
  40  4:32  Siege Tank  
  40  4:37  Marine  
  44  4:38  Banshee  
  47  4:56  Marine x2  
  47  5:14  Marine  
  47  5:18  Marine  
  47  5:19  Marine x2  
  47  5:20  Orbital Command  
  48  5:21  Viking  
  47  5:32  Marine  
  46  5:36  Marine  
  44  5:45  Marine  
  44  5:46  Marine  
  45  5:51  Viking  
  45  5:56  SCV  
  46  6:05  Marine x3  
  46  6:06  Marine  
  46  6:07  SCV  
  46  6:10  Siege Tank  
  54  6:15  Engineering Bay  
  54  6:34  Barracks Tech Lab x2  
  54  6:54  SCV  
  54  6:56  Marine  
  54  7:09  Supply Depot  
  54  7:22  Starport Reactor  
  54  7:30  Marine x4, SCV x2  
  58  7:42  SCV  
  52  7:48  Marine  
Show
View Real Time Build Order
Export as new Build Order

Chess Terran 

Build Orders: 1/1/1, Banshee Rush 

Get SALT Encoding   

  12  0:00  SCV  
  13  0:12  SCV  
  14  0:20  Supply Depot  
  14  0:25  SCV  
  15  0:42  SCV  
  16  0:43  Barracks  
  16  0:45  Refinery  
  16  0:50  Refinery  
  16  0:54  SCV  
  17  1:06  SCV  
  18  1:18  SCV  
  19  1:32  Factory, Orbital Command  
  19  1:33  Marine  
  20  1:48  Supply Depot  
  20  1:53  Barracks Reactor  
  20  1:58  SCV  
  21  2:10  SCV  
  22  2:16  Factory Tech Lab  
  22  2:17  Starport  
  22  2:22  SCV  
  22  2:26  Supply Depot  
  22  2:29  Marine x2  
  24  2:35  SCV  
  26  2:41  Siege Tank  
  29  2:47  Marine x2  
  29  2:50  SCV  
  32  2:56  Medivac  
  34  3:01  Supply Depot  
  34  3:05  Marine x2  
  34  3:22  SCV  
  34  3:23  Marine x2  
  37  3:37  Cloaking Field  
  37  3:38  Banshee  
  39  3:45  Marine x2  
  40  4:03  Marine x2  
  38  4:20  Banshee  
  38  4:21  Marine x2, SCV  
  44  4:30  Supply Depot  
  44  4:33  SCV  
  44  4:35  Supply Depot  
  45  4:38  Marine, Factory Tech Lab  
  45  4:39  Marine  
  47  4:50  SCV  
  31  5:02  SCV  
  29  5:20  Marine  
  29  5:21  Marine  
  28  5:38  Marine  
  27  5:43  SCV  
  24  5:59  Marine  
  25  6:24  Marine x2  
  27  6:26  Medivac  
  28  6:46  SCV  
  28  6:58  SCV  
  23  7:10  SCV  
  23  7:12  Siege Tank  
  27  7:21  Marine x2  
  27  7:22  SCV  
  24  7:42  SCV  
Tags
 
Add a new tag
Caveats
  • Supply blocks, unpowered buildings, or Contaminate may cause inaccurate times.
  • Supply counts are checked every 10 seconds.